Map: Neon Violet Square LE

Players

Dutchkid

  • Race: Zerg Zerg
  • League: Diamond
  • Spawn Location: 11:00

madferit - Winner!

  • Race: Terran Terran
  • League: Diamond
  • Spawn Location: 5:00

VOD

Have the link to the VOD?

Description

Time

  • Played on: April 12, 2018, 5:21 a.m.
  • Length: 23:42
Show
View Real Time Build Order
Export as new Build Order

Dutchkid Zerg 

Build Orders: Hatch First, Swarm Host 

Get SALT Encoding   

  12  0:01  Drone  
  13  0:13  Overlord  
  13  0:18  Drone  
  14  0:31  Drone x2  
  14  0:35  Drone  
  17  0:52  Hatchery  
  17  0:55  Drone  
  17  0:59  Extractor  
  17  1:00  Drone  
  17  1:15  Spawning Pool  
  17  1:17  Drone  
  17  1:21  Drone  
  19  1:32  Drone  
  19  1:40  Overlord  
  19  1:51  Drone  
  20  2:02  Queen  
  20  2:03  Metabolic Boost  
  20  2:05  Queen  
  20  2:07  Zergling x2  
  25  2:10  Zergling x2  
  26  2:27  Hatchery  
  25  2:31  Drone  
  26  2:41  Drone x3  
  29  2:48  Queen  
  31  2:51  Overlord  
  31  3:00  Queen  
  31  3:02  Drone  
  31  3:05  Drone  
  35  3:17  Drone x4  
  35  3:18  Drone  
  40  3:20  Overlord  
  40  3:35  Drone x2  
  40  3:39  Extractor  
  41  3:43  Queen  
  41  3:48  Spore Crawler, Extractor  
  42  3:50  Drone, Spore Crawler  
  42  3:51  Drone x2  
  43  3:57  Drone x2  
  43  3:58  Drone x2  
  43  3:59  Evolution Chamber  
  46  4:06  Zergling x8  
  50  4:32  Overlord x2  
  50  4:39  Zerg Melee Weapons Level 1  
  50  4:50  Drone  
  50  4:51  Drone x3  
  50  4:52  Drone x9  
  63  4:55  Spore Crawler  
  63  4:56  Lair  
  61  5:08  Zergling x10  
  61  5:11  Overlord x2  
  61  5:13  Overlord  
  66  5:28  Queen  
  66  5:31  Queen  
  70  5:43  Extractor  
  70  5:46  Overlord x2  
  70  5:48  Drone  
  70  5:49  Drone x2  
  72  5:51  Drone x3, Extractor  
  72  5:52  Drone x4  
  72  5:53  Drone  
  72  5:55  Overlord  
  76  6:04  Pneumatized Carapace  
  71  6:18  Drone x3  
  68  6:19  Drone x3  
  68  6:23  Zergling x2  
  68  6:24  Hydralisk Den, Zergling x14  
  78  6:33  Drone x3  
  81  6:41  Zerg Melee Weapons Level 2  
  81  6:45  Baneling Nest  
  81  6:46  Drone x3  
  83  6:48  Evolution Chamber  
  82  7:00  Hatchery  
  80  7:07  Muscular Augments, Extractor  
  78  7:20  Drone  
  78  7:21  Drone x2  
  81  7:25  Zerg Ground Armor Level 1  
  81  7:26  Infestation Pit  
  81  7:28  Hatchery  
  79  7:39  Overlord x3  
  79  7:40  Overlord, Hydralisk  
  79  7:41  Hydralisk x7  
  95  7:45  Centrifical Hooks  
  95  7:56  Zergling x4  
  95  7:57  Zergling x12  
  103  7:59  Baneling  
  103  8:00  Baneling x5  
  103  8:01  Baneling x2  
  103  8:10  Drone x7  
  103  8:12  Drone  
  111  8:23  Queen  
  113  8:29  Drone x6  
  113  8:30  Drone x4  
  123  8:38  Overlord x3  
  108  8:52  Swarm Host  
  108  8:53  Swarm Host x6  
  108  8:54  Swarm Host  
  128  9:04  Extractor  
  128  9:05  Drone x3, Extractor  
  128  9:06  Drone x3  
  128  9:08  Swarm Host x4  
  144  9:12  Grooved Spines  
  144  9:13  Overlord  
  144  9:14  Overlord  
  144  9:18  Zerg Missile Weapons Level 1  
  144  9:21  Zerg Ground Armor Level 2  
  144  9:33  Swarm Host x3  
  144  9:34  Swarm Host x3  
  162  9:41  Extractor  
  162  9:42  Extractor, Spore Crawler  
  162  9:45  Overlord x2  
  159  9:50  Hydralisk x3  
  165  9:56  Hatchery  
  164  10:04  Overlord x3  
  164  10:07  Hydralisk  
  164  10:08  Hydralisk x4  
  164  10:10  Hydralisk  
  176  10:17  Overseer  
  176  10:22  Hydralisk  
  176  10:23  Hydralisk x5  
  176  10:26  Extractor  
  176  10:27  Extractor  
  186  10:35  Hydralisk  
  186  10:36  Hydralisk x4  
  196  10:51  Hydralisk x2  
  197  11:09  Hydralisk  
  193  11:31  Hydralisk x4  
  191  11:39  Hydralisk  
  165  11:40  Hydralisk x4  
  165  11:43  Hydralisk  
  165  11:44  Hydralisk x10  
  197  11:51  Hydralisk x2  
  199  11:55  Hive  
  195  12:10  Hydralisk  
  195  12:11  Hydralisk  
  195  12:12  Hydralisk  
  155  12:23  Hydralisk x2  
  155  12:24  Hydralisk x10  
  177  12:44  Hatchery  
  176  12:55  Hatchery  
  176  12:56  Hydralisk  
  176  12:57  Hydralisk x11  
  195  13:16  Hatchery  
  192  13:21  Hydralisk  
  192  13:22  Hydralisk x3  
  192  13:26  Hatchery  
  199  13:30  Zerg Missile Weapons Level 2  
  199  13:31  Zerg Ground Armor Level 3  
  199  13:35  Spire  
  192  13:46  Hydralisk  
  192  13:47  Hydralisk x4  
  200  14:00  Drone x3  
  163  14:10  Hydralisk  
  163  14:11  Hydralisk x9  
  178  14:36  Hydralisk x9  
  196  14:44  Drone x3  
  196  14:45  Drone  
  200  14:53  Greater Spire  
  200  14:56  Ultralisk Cavern  
  199  15:26  Extractor  
  199  15:27  Extractor  
  197  15:29  Drone x3  
  200  15:37  Adrenal Glands  
  200  15:49  Zerg Melee Weapons Level 3  
  200  15:50  Chitinous Plating  
  168  16:18  Hydralisk  
  168  16:19  Hydralisk x17  
  168  16:20  Hydralisk  
  194  16:33  Drone x3  
  194  16:34  Queen  
  199  16:47  Zerg Flyer Armor Level 1  
  189  17:21  Corruptor  
  189  17:22  Corruptor x10  
  163  17:47  Hydralisk x11  
  163  17:48  Hydralisk x7  
  175  18:39  Hydralisk x4  
  175  18:40  Hydralisk x19  
  199  18:47  Burrow  
  192  18:53  Brood Lord x4  
  183  19:14  Brood Lord x3  
  195  19:27  Hydralisk x4  
  195  19:28  Hydralisk x2  
  175  19:40  Ultralisk  
  175  19:41  Ultralisk x3  
  175  19:43  Zerg Missile Weapons Level 3  
  183  19:45  Zerg Flyer Weapons Level 1  
  183  19:49  Hydralisk x5  
  189  19:57  Zergling x8  
  189  19:58  Zergling x2  
  194  20:10  Drone x6  
  190  20:41  Hydralisk x4  
  190  20:42  Hydralisk  
  195  20:53  Zergling x4  
  195  20:54  Zergling x10  
  195  20:55  Zergling x4  
  188  21:03  Corruptor  
  170  21:04  Corruptor x6  
  159  21:27  Hatchery  
  142  21:43  Brood Lord x5  
  152  21:48  Brood Lord  
  152  21:50  Hydralisk  
  155  22:06  Brood Lord  
  157  22:28  Zergling x28  
  157  22:29  Zergling x8  
  171  22:50  Zergling x2  
  148  22:51  Hydralisk x6  
  148  22:53  Zergling x12  
  108  23:23  Zergling x4  
  108  23:24  Zergling x16  
Show
View Real Time Build Order
Export as new Build Order

madferit Terran - Winner!

Build Orders: Hellion Opening, Reaper Expand, Mech 

Get SALT Encoding   

  12  0:03  SCV  
  13  0:15  SCV  
  13  0:19  Supply Depot  
  14  0:27  SCV  
  15  0:29  Refinery  
  15  0:40  SCV  
  16  0:46  Barracks  
  16  0:52  SCV  
  17  1:04  SCV  
  18  1:16  SCV  
  19  1:32  Orbital Command  
  19  1:34  Reaper  
  20  1:47  Command Center  
  20  1:58  SCV  
  21  2:02  Factory  
  21  2:07  Barracks Reactor  
  21  2:12  SCV  
  21  2:14  Refinery  
  22  2:19  Supply Depot  
  22  2:24  SCV  
  23  2:36  SCV  
  23  2:48  SCV  
  24  2:53  Starport  
  24  3:00  SCV, Orbital Command  
  24  3:04  Hellion x2  
  29  3:12  SCV  
  30  3:24  SCV  
  30  3:26  SCV, Hellion x2  
  36  3:31  Supply Depot  
  35  3:35  Viking  
  35  3:39  SCV  
  38  3:44  SCV  
  39  3:51  SCV  
  39  3:52  Hellion  
  39  3:54  Hellion  
  44  3:56  SCV  
  44  3:57  Supply Depot  
  45  4:03  SCV  
  45  4:09  SCV  
  47  4:15  SCV  
  47  4:16  Hellion  
  47  4:17  Hellion  
  52  4:21  SCV  
  53  4:27  SCV  
  54  4:35  Command Center  
  54  4:42  Supply Depot  
  54  4:43  SCV x2  
  56  4:46  Hellion  
  56  4:47  Hellion  
  56  4:51  Barracks Tech Lab  
  56  4:52  Factory, Starport Tech Lab  
  60  4:54  Factory  
  60  4:57  SCV x2  
  62  5:09  SCV  
  62  5:10  SCV  
  62  5:12  Refinery  
  62  5:13  Refinery  
  62  5:19  Hellion x2  
  66  5:33  SCV x2  
  68  5:39  Supply Depot  
  68  5:45  Armory  
  68  5:48  Armory, Siege Tank x2  
  72  6:01  Supply Depot  
  56  6:20  Siege Tank x2, Orbital Command  
  62  6:31  SCV x2  
  64  6:32  Factory  
  64  6:34  Factory  
  64  6:40  Hellion  
  64  6:41  Hellion  
  64  6:45  Terran Vehicle And Ship Armor Level 1, Terran Vehicle Weapons Level 1  
  68  6:52  Siege Tank x2  
  68  6:53  SCV x2  
  76  6:56  Orbital Command  
  76  7:03  Barracks Tech Lab, Starport Tech Lab  
  76  7:05  SCV, Hellion x2  
  82  7:22  SCV  
  82  7:23  SCV x2  
  82  7:26  Supply Depot  
  84  7:42  Thor x2  
  84  7:43  Hellion x2  
  100  7:48  Siege Tank x2  
  100  7:49  Supply Depot  
  106  7:56  Refinery x2  
  106  8:00  SCV  
  106  8:01  SCV x2  
  109  8:09  Command Center  
  109  8:11  Supply Depot, Hellion x2  
  113  8:13  SCV x3  
  113  8:19  Supply Depot  
  116  8:25  SCV  
  117  8:33  Infernal Pre-Igniter, Hellion, Siege Tank x2  
  125  8:34  Supply Depot  
  125  8:41  SCV x3, Hellion  
  130  8:43  Supply Depot  
  118  8:53  SCV x2  
  120  8:57  Supply Depot  
  120  9:06  Engineering Bay, Terran Vehicle And Ship Armor Level 2, Terran Vehicle Weapons Level 2  
  120  9:08  Hellion x2, Siege Tank x2  
  130  9:19  Supply Depot  
  130  9:24  Hellion x5  
  130  9:26  Thor  
  130  9:27  Supply Depot, Thor  
  142  9:32  SCV x4  
  146  9:42  Supply Depot  
  146  9:44  SCV  
  147  9:46  Hellion x2, Siege Tank  
  147  9:47  Siege Tank  
  147  9:50  Refinery  
  147  9:51  Supply Depot  
  157  9:52  Refinery  
  157  9:54  Planetary Fortress, Missile Turret  
  157  10:01  SCV  
  157  10:02  SCV  
  157  10:04  Supply Depot  
  159  10:09  SCV  
  159  10:10  Command Center  
  159  10:14  SCV x2  
  162  10:18  Thor x2  
  162  10:19  Hellion x2  
  162  10:20  Starport Reactor  
  179  10:21  SCV  
  179  10:26  SCV  
  180  10:29  Hellion x2  
  184  10:42  Factory  
  184  10:45  Factory  
  169  10:50  Siege Tank x2  
  170  10:57  Hellion  
  170  10:58  Hellion  
  170  11:01  Siege Tank x2  
  180  11:05  Command Center  
  180  11:06  Viking x2  
  184  11:25  Hellion, Siege Tank, Thor  
  175  11:26  Hellion  
  157  11:36  Hellion x2  
  157  11:37  Factory Reactor  
  157  11:39  Factory Tech Lab  
  155  11:47  Planetary Fortress, Hellion x2  
  157  11:48  SCV x3  
  162  11:57  Hellion, Siege Tank x2  
  162  12:00  SCV x3  
  173  12:09  Hellion x2, Siege Tank  
  173  12:10  Hellion  
  173  12:12  SCV  
  152  12:18  Hellion  
  152  12:19  Hellion x2  
  144  12:29  Hellion x2  
  148  12:30  SCV x3  
  148  12:31  Hellion x3  
  148  12:32  Refinery  
  148  12:33  Refinery  
  148  12:35  Planetary Fortress  
  157  12:40  Hellion x3  
  157  12:41  Siege Tank  
  166  12:50  SCV x3, Thor  
  166  12:51  SCV, Hellion  
  175  13:03  Siege Tank x2  
  175  13:04  Hellion x2  
  148  13:12  Siege Tank  
  146  13:13  Siege Tank  
  149  13:23  SCV x5  
  149  13:25  Refinery  
  154  13:33  Siege Tank  
  157  13:35  Terran Vehicle And Ship Armor Level 3, SCV x3, Siege Tank x2  
  157  13:36  Terran Vehicle Weapons Level 3  
  166  13:44  Siege Tank  
  134  13:50  Hellion x5  
  132  14:06  Hellion  
  132  14:08  Hellion x2  
  129  14:11  Hellion x3, Siege Tank  
  129  14:12  Hellion  
  129  14:16  Siege Tank  
  143  14:27  Hellion  
  143  14:29  Hellion x2  
  149  14:32  Hellion  
  145  14:42  Supply Depot  
  145  14:43  Thor  
  145  14:45  Hellion x3  
  157  14:48  Siege Tank  
  157  14:49  Siege Tank  
  157  14:50  Siege Tank x2  
  169  15:06  Command Center  
  169  15:20  Siege Tank, Thor  
  168  15:22  Thor x2  
  168  15:26  Thor  
  168  15:28  Command Center  
  186  15:52  Thor  
  192  15:57  Hellion  
  192  16:03  Hellion, Thor  
  192  16:04  Hellion x2  
  173  16:05  Thor x2  
  173  16:09  Thor  
  155  16:19  Hellion  
  155  16:24  Hellion  
  155  16:25  Hellion x2  
  162  16:34  Orbital Command  
  162  16:35  Hellion  
  164  16:40  Hellion  
  164  16:46  Hellion x3, Siege Tank  
  175  16:48  Siege Tank x2  
  175  16:49  Command Center  
  180  17:03  Refinery x2  
  178  17:09  Hellion x4  
  160  17:18  Hellion x2  
  160  17:19  Hellion  
  160  17:20  Hellion x2  
  140  17:30  Hellion x3  
  146  17:39  Siege Tank x2  
  146  17:40  Siege Tank  
  146  17:41  Command Center, Siege Tank  
  146  17:42  Command Center  
  158  17:44  Hellion  
  158  17:45  Hellion  
  162  18:02  Orbital Command  
  162  18:05  Hellion x3  
  168  18:06  Siege Tank  
  168  18:11  Siege Tank x2  
  168  18:12  Siege Tank  
  180  18:13  Siege Tank  
  179  18:26  Hellion x2  
  170  18:37  Refinery x2  
  170  18:38  Siege Tank  
  173  18:43  Siege Tank x2  
  173  18:44  Siege Tank  
  173  18:45  Siege Tank  
  184  18:56  Planetary Fortress  
  184  18:57  Orbital Command  
  184  19:10  Siege Tank  
  184  19:15  Siege Tank  
  190  19:25  Thor  
  190  19:26  Thor  
  186  19:35  Hellion x3  
  176  19:42  Thor x2  
  156  19:54  Hellion x2  
  156  19:56  Hellion x2  
  161  20:13  Thor x2  
  173  20:15  Thor  
  178  20:30  Orbital Command  
  165  20:40  Thor x2  
  163  21:03  Thor  
  154  21:14  Hellion x2  
  158  21:23  SCV  
  158  21:24  SCV x2  
  132  21:38  Hellion x2  
  136  21:51  Hellion x3  
  142  22:05  Siege Tank  
  145  22:17  Siege Tank x2  
  145  22:22  Hellion  
  153  22:29  Hellion  
  148  22:45  Siege Tank x2  
  141  22:54  Hellion  
  141  23:05  Hellion x4  
  149  23:19  Hellion x4  
Tags
 
Add a new tag
Caveats
  • Supply blocks, unpowered buildings, or Contaminate may cause inaccurate times.
  • Supply counts are checked every 10 seconds.